 Dungeon Crawl Stone Soup version 0.29-a0-359-g541a27f54d (webtiles) character file.

Game seed: 9827594852605629698

1179 zeratav the Archer (level 8, -8/44 HPs)
             Began as a Tengu Hunter on Apr 27, 2022.
             Killed from afar by Maggie (16 damage)
             ... with a bolt of acid
             ... on level 6 of the Dungeon.
             The game lasted 00:11:50 (4792 turns).

zeratav the Archer (Tengu Hunter)                   Turns: 4792, Time: 00:11:50

Health: -8/44      AC:  4    Str: 12    XL:     8   Next: 42%
Magic:  9/9        EV: 14    Int: 10    God:
Gold:   259        SH:  0    Dex: 19    Spells: 7/7 levels left

rFire   . . .      SeeInvis +   a - +1 shortbow {bow}
rCold   . . .      Faith    .   (shield currently unavailable)
rNeg    . . .      Spirit   .   b - +0 leather armour
rPois   +          Reflect  .   (helmet restricted)
rElec   .          Harm     .   (no cloak)
rCorr   .          Rampage  .   j - +0 pair of gloves
Will    .....                   (boots unavailable)
Stlth   ++........              (no amulet)
HPRegen 0.14/turn               s - ring of see invisible
MPRegen 0.11/turn               r - ring of poison resistance

@: flying quickly and evasively, mesmerised, quick
A: beak, talons 3, nimble flight
a: no special abilities


You were on level 6 of the Dungeon.
You visited 1 branch of the dungeon, and saw 6 of its levels.

You collected 324 gold pieces.
You spent 65 gold pieces at shops.


Innate Abilities, Weirdness & Mutations

You have a beak for a mouth.
You have claws for feet.
Your magical nature lets you fly swiftly and evasively.


   Skills:
 - Level 2.0 Fighting
 + Level 11.5 Bows
 - Level 2.1 Dodging
 - Level 1.0 Stealth


You had 7 spell levels left.
You didn't know any spells.
Your spell library contained the following spells:

 Spells                   Type           Power      Damage    Failure   Level
 Blink                    Tloc           0%         N/A       58%         2
 Manifold Assault         Tloc           0%         N/A       100%        5
 Storm Form               Tmut/Air       0%         N/A       100%        7

Inventory:

Hand Weapons
 a - a +1 shortbow (weapon) {bow}
 H - a +3 whip {mace}
   (You took it off an orc on level 6 of the Dungeon)
Armour
 b - a +0 leather armour (worn)
 j - a +0 pair of gloves (worn)
   (You found it on level 4 of the Dungeon)
 y - a +0 chain mail
   (You found it on level 5 of the Dungeon)
 A - a +0 leather armour
   (You found it on level 5 of the Dungeon)
 G - a +0 chain mail
   (You took it off an orc on level 6 of the Dungeon)
 I - a +0 leather armour
   (You took it off an orc on level 6 of the Dungeon)
 K - a +0 chain mail
   (You found it on level 6 of the Dungeon)
Jewellery
 o - a ring of fire
   (You found it on level 4 of the Dungeon)
 q - a ring of wizardry
   (You took it off a goblin on level 3 of the Dungeon)
 r - a ring of poison resistance (right hand)
   (You found it on level 3 of the Dungeon)
 s - a ring of see invisible (left hand)
   (You found it on level 3 of the Dungeon)
Scrolls
 c - 3 scrolls of immolation {!r!r}
 e - a scroll of magic mapping {!r}
 g - 2 scrolls of brand weapon
 h - a scroll of identify {@r1}
 k - 3 scrolls of fog
 l - 2 scrolls of enchant armour
 m - a scroll of fear
 p - a scroll of blinking {!r}
 u - a scroll of acquirement
 x - 3 scrolls of amnesia
 B - a scroll of vulnerability {unknown}
 E - a scroll of teleportation {@r4}
Potions
 d - a potion of heal wounds {unknown}
 f - 4 potions of curing {@q1}
 i - 2 potions of attraction {unknown}
 n - 3 potions of might {unknown}
 v - a potion of experience {unknown}
 w - a potion of mutation {unknown}
 z - a potion of haste {unknown}
 C - 2 potions of flight {unknown}
 D - a potion of resistance {unknown}
 F - a potion of lignification {unknown}
 J - a potion of degeneration {unknown}
Miscellaneous
 t - a box of beasts
   (You found it on level 3 of the Dungeon)

Dungeon Overview and Level Annotations

Branches:
Dungeon (6/15)
 Temple: D:4-7

Altars:
Ashenzari
Cheibriados
Elyvilon
Makhleb
Ru
Yredelemnul

Shops:
D:1 =   D:4 **?:*   D:5 :

Annotations:
D:6 Maggie

##.. .....# ...........
#......#... .##
............ #..###
#$.# #... #.. .#
...###..@####.##.#
...............####
#?#.###.............
#.....#...@.........
.....###.#.............
##. #......)........
#.#.######).......
#....)............
#....########.....
#....### ..... #....
.... ...### ...


You could see Maggie (mesmerising).


Message History

The orc closely misses you.
HP[+1] Shoot: a) +1 shortbow {bow}
Press: ? - help, Q - select action, (/) - cycle Shift-Dir - straight line, f/p - orc
Aim: an orc, wielding a +0 short sword and wearing a +0 chain mail (almost dead, 74% to hit)
You shoot an arrow. The arrow hits the orc!
You kill the orc!
The adder bites you.
* * * LOW HITPOINT WARNING * * *
HP[-2]
You take 2 damage, and now have 16/44 hp.
Shoot: a) +1 shortbow {bow}
Press: ? - help, Q - select action, (/) - cycle Shift-Dir - straight line, f - adder
Aim: an adder (54% to hit)
You shoot an arrow. The arrow closely misses the adder.
The adder bites you.
* * * LOW HITPOINT WARNING * * *
HP[-3]
You take 3 damage, and now have 13/44 hp.
Shoot: a) +1 shortbow {bow}
Press: ? - help, Q - select action, (/) - cycle Shift-Dir - straight line, f/p - adder
Aim: an adder (54% to hit)
You shoot an arrow. The arrow closely misses the adder.
The adder completely misses you.
Shoot: a) +1 shortbow {bow}
Press: ? - help, Q - select action, (/) - cycle Shift-Dir - straight line, f/p - adder
Aim: an adder (54% to hit)
You shoot an arrow. The arrow hits the adder!
You kill the adder!
There is a stone staircase leading up here.
You start resting.
A jelly is nearby!
HP[+14]
You regained 14 hp, and now have 27/44 hp.
Shoot: a) +1 shortbow {bow}
Press: ? - help, Q - select action, (/) - cycle Shift-Dir - straight line, f - jelly
Aim: a jelly (wandering, hasn't noticed you, 91% to hit)
You shoot an arrow. The jelly quivers.
The arrow hits the jelly!
Shoot: a) +1 shortbow {bow}
Press: ? - help, Q - select action, (/) - cycle Shift-Dir - straight line, f/p - jelly
Aim: a jelly (severely wounded, 91% to hit)
You shoot an arrow. The arrow hits the jelly.
HP[+1] Shoot: a) +1 shortbow {bow}
Press: ? - help, Q - select action, (/) - cycle Shift-Dir - straight line, f/p - jelly
Aim: a jelly (almost dead, 91% to hit)
You shoot an arrow. The arrow hits the jelly.
You kill the jelly!
You start resting.
Maggie is nearby!
HP[+4]
You regained 4 hp, and now have 32/44 hp.
Shoot: a) +1 shortbow {bow}
Press: ? - help, Q - select action, (/) - cycle Shift-Dir - straight line, f - Maggie
Aim: Maggie, wielding a +1 war axe of flaming, wearing +0 steam dragon scales and carrying a wand of acid (4) (wandering, hasn't noticed you, 68% to hit)
You shoot an arrow. The arrow barely misses Maggie.
Maggie shouts!
Maggie gestures wildly while chanting.
Maggie attempts to bespell you!
You are mesmerised by Maggie!
Shoot: a) +1 shortbow {bow}
Press: ? - help, Q - select action, (/) - cycle Shift-Dir - straight line, f/p - Maggie
Aim: Maggie, wielding a +1 war axe of flaming, wearing +0 steam dragon scales and carrying a wand of acid (4) (mesmerising, 68% to hit)
You shoot an arrow. The arrow hits Maggie.
Shoot: a) +1 shortbow {bow}
Press: ? - help, Q - select action, (/) - cycle Shift-Dir - straight line, f/p - Maggie
Aim: Maggie, wielding a +1 war axe of flaming, wearing +0 steam dragon scales and carrying a wand of acid (4) (lightly wounded, mesmerising, 68% to hit)
You shoot an arrow. The arrow hits Maggie.
Shoot: a) +1 shortbow {bow}
Press: ? - help, Q - select action, (/) - cycle Shift-Dir - straight line, f/p - Maggie
Aim: Maggie, wielding a +1 war axe of flaming, wearing +0 steam dragon scales and carrying a wand of acid (4) (lightly wounded, mesmerising, 68% to hit)
You shoot an arrow. The arrow barely misses Maggie.
Maggie smiles, but it's obviously fake.
Shoot: a) +1 shortbow {bow}
Press: ? - help, Q - select action, (/) - cycle Shift-Dir - straight line, f/p - Maggie
Aim: Maggie, wielding a +1 war axe of flaming, wearing +0 steam dragon scales and carrying a wand of acid (4) (lightly wounded, mesmerising, 68% to hit)
You shoot an arrow. The arrow hits Maggie.
Shoot: a) +1 shortbow {bow}
Press: ? - help, Q - select action, (/) - cycle Shift-Dir - straight line, f/p - Maggie
Aim: Maggie, wielding a +1 war axe of flaming, wearing +0 steam dragon scales and carrying a wand of acid (4) (lightly wounded, mesmerising, 68% to hit)
You shoot an arrow. The arrow hits Maggie!
Shoot: a) +1 shortbow {bow}
Press: ? - help, Q - select action, (/) - cycle Shift-Dir - straight line, f/p - Maggie
Aim: Maggie, wielding a +1 war axe of flaming, wearing +0 steam dragon scales and carrying a wand of acid (4) (moderately wounded, mesmerising, 68% to hit)
You shoot an arrow. The arrow closely misses Maggie.
Maggie points at you and mumbles some strange words.
The bolt of fire hits you!!
Ouch! That really hurt!
* * * LOW HITPOINT WARNING * * *
HP[-31]
You take 31 damage, and now have 1/44 hp.
MASSIVE DAMAGE!! (PAUSE)
You cannot move away from Maggie!
Unknown command.
You feel better.
Maggie zaps a wand.
The bolt of acid hits you!
You die...

Skill      XL: |  1  2  3  4  5  6  7  8 |
---------------+-------------------------+-----
Bows           | 5 6 7 8 10 11 | 11.5
Fighting       | |  2.0
Dodging        | |  2.1
Stealth        | |  1.0

Action                   |  1- 3 |  4- 6 |  7- 9 || total
-------------------------+-------+-------+-------++-------
Melee: Shortbow          |       |       |     2 ||     2
 Fire: Shortbow          |    81 |   143 |   163 ||   387
  Use: Scroll            |       |     8 |     1 ||     9
       Potion            |       |       |     2 ||     2
Armor: Leather armour    |     4 |    14 |    12 ||    30
Dodge: Dodged            |     3 |    41 |    56 ||   100

Levels and vault maps discovered:
D:1:      dpeg_arrival_rhombi, layout_loops_ring, serial_rivers,
          chequers_serial_rivers_micro_d, chequers_serial_rivers_marsh,
          chequers_serial_rivers_micro_a, chequers_serial_rivers_large_b,
          serial_shops, nicolae_shop_trees, nicolae_grassy_gnolls
D:2:      layout_basic, st_stairs_13, hangedman_decor_opposing,
          serial_bayou_lagoon_b
D:3:      layout_loops_ring, lemuel_crystal_altar, amcnicky_altar_gilded,
          hellmonk_ecumenical_altar_lost_god, uniq_sigmund
D:4:      layout_loops_ring, nicolae_ashenzari_panopticon,
          nicolae_overflow_crystal_walls, serial_shops, kennysheep_little_box,
          shop, nicolae_shop_hallway_stairs,
          nicolae_shop_competitors_out_of_business, nicolae_shop_waterfront,
          minmay_quadrilaterals
D:5:      layout_rooms, old_standard_altar, lemuel_zombie_altar_yredelemnul,
          nicolae_take_the_stairs, kennysheep_decorative_pillar
D:6:      layout_rooms, minmay_temple_entry_oklob,
          hangedman_abyss_or_decor_stabs, uniq_maggie

Notes
Turn   | Place    | Note
-------+----------+-------------------------------------------
     0 | D:1      | zeratav the Tengu Hunter began the quest for the Orb.
     0 | D:1      | Reached XP level 1. HP: 12/12 MP: 2/2
    37 | D:1      | magus.rc [v1.9.6]
    92 | D:1      | Found Fuheve's Jewellery Emporium.
   163 | D:1      | Reached XP level 2. HP: 17/17 MP: 3/3
   191 | D:1      | Reached skill level 5 in Bows
   830 | D:1      | Reached XP level 3. HP: 21/21 MP: 4/4
  1599 | D:3      | Reached skill level 6 in Bows
  1604 | D:3      | Reached XP level 4. HP: 26/26 MP: 5/5
  1633 | D:3      | Found a faded altar of an unknown god.
  1673 | D:3      | Found a burning altar of Makhleb.
  1917 | D:3      | Noticed Sigmund
  1924 | D:3      | Killed Sigmund
  1925 | D:3      | Reached skill level 7 in Bows
  1925 | D:3      | Gained mutation: Your magical nature lets you fly swiftly
                  | and evasively. [Tengu growth]
  1925 | D:3      | Reached XP level 5. HP: 29/30 MP: 6/6
  1925 | D:3      | Reached XP level 6. HP: 34/35 MP: 7/7
  2152 | D:3      | Found a white marble altar of Elyvilon.
  2235 | D:4      | Reached skill level 8 in Bows
  2251 | D:4      | Found Jionel's Assorted Antiques.
  2626 | D:4      | Found a sacrificial altar of Ru.
  2637 | D:4      | Found a broken altar of Ashenzari.
  2837 | D:4      | Found Xidois's Book Emporium.
  3014 | D:4      | Found Iwusikug's Assorted Antiques.
  3142 | D:4      | Found Zeniplouba's General Store.
  3328 | D:4      | Found Ygacyijy's Magic Scroll Shop.
  3335 | D:4      | Bought a scroll of teleportation for 39 gold pieces
  3335 | D:4      | Bought a scroll of identify for 26 gold pieces
  3341 | D:4      | Identified a scroll of acquirement
  3378 | D:4      | Reached XP level 7. HP: 39/40 MP: 8/8
  3421 | D:5      | Entered Level 5 of the Dungeon
  3424 | D:5      | Reached skill level 9 in Bows
  3525 | D:5      | Found Bisoodec's Book Boutique.
  3613 | D:5      | Reached skill level 10 in Bows
  3865 | D:5      | Found a snail-covered altar of Cheibriados.
  3979 | D:5      | Found a basalt altar of Yredelemnul.
  3981 | D:5      | You add the spells Blink, Manifold Assault and Storm Form
                  | to your library.
  4068 | D:5      | HP: 10/40 [ice beast (5)]
  4071 | D:5      | Reached XP level 8. HP: 11/44 MP: 9/9
  4560 | D:6      | Reached skill level 11 in Bows
  4612 | D:6      | Noticed Maggie
  4791 | D:6      | HP: 1/44 [Maggie/bolt of fire (32)]
  4792 | D:6      | Killed from afar by Maggie

Vanquished Creatures
  Sigmund (D:3)
  A water moccasin (D:6)
  An ice beast (D:5)
  2 scorpions (D:5)
  A gnoll sergeant (D:4)
  2 jellies (D:6)
  4 hounds
  3 iguanas (D:5)
  2 orc wizards
  A hound zombie (D:5)
  7 gnolls
  12 adders
  A shadow imp (D:6)
  2 ufetubi (D:6)
  An adder zombie (D:5)
  A worm (D:3)
  2 dart slugs
  23 orcs
  12 ball pythons
  5 bats
  8 endoplasms
  8 giant cockroaches
  7 goblins
  4 hobgoblins
  3 quokkas
  3 frilled lizards
  8 kobolds
  3 rats
128 creatures vanquished.

Vanquished Creatures (others)
  18 plants
18 creatures vanquished.

Grand Total: 146 creatures vanquished

Table legend:
 A = Non-vault XP
 B = Vault XP
 C = Vault XP percentage of total XP
 D = Non-vault monster count
 E = Vault monster count
 F = Vault count percentage of total count
                 A         B        C        D         E       F
            +---------+---------+-------+---------+---------+-------
      Total |    1393 |     292 |  17.3 |     115 |      13 |  10.2
            +---------+---------+-------+---------+---------+-------
        D:1 |      40 |      15 |  27.3 |      24 |       1 |   4.0
        D:2 |      12 |       2 |  14.3 |       7 |       1 |  12.5
        D:3 |      74 |     223 |  75.1 |      24 |       1 |   4.0
        D:4 |     320 |      26 |   7.5 |      25 |       8 |  24.2
        D:5 |     552 |      26 |   4.5 |      16 |       2 |  11.1
        D:6 |     395 |       0 |   0.0 |      19 |       0 |   0.0
            +---------+---------+-------+---------+---------+-------

Illustrated notes

Table legend:
 A = Kills in this place as a percentage of kills in entire the game.
 B = Kills by you in this place as a percentage of kills by you in the entire game.
 C = Kills by friends in this place as a percentage of kills by friends in the entire game.
 D = Other kills in this place as a percentage of other kills in the entire game.
 E = Experience gained in this place as a percentage of experience gained in the entire game.
 F = Experience gained in this place divided by the number of levels of this place that you have seen.
                   A       B       C       D       E      F
               +-------+-------+-------+-------+-------+----------------------
         Total | 100.0 | 100.0 |   N/A |   N/A | 100.0 | 280.8
       Dungeon | 100.0 | 100.0 |   N/A |   N/A | 100.0 | 280.8
               +-------+-------+-------+-------+-------+----------------------

Table legend: (Time is in decaauts)
 A = Elapsed time spent in this place.
 B = Non-inter-level travel time spent in this place.
 C = Inter-level travel time spent in this place.
 D = Time resting spent in this place.
 E = Time spent auto-exploring this place.
 F = Levels seen in this place.
 G = Mean time per level.
                   A        B        C        D        E       F      G
               +--------+--------+--------+--------+--------+-----+--------+
         Total |   4730 |   4608 |    122 |    486 |   3292 |   6 |  788.3 |
       Dungeon |   4730 |   4608 |    122 |    486 |   3292 |   6 |  788.3 |
               +--------+--------+--------+--------+--------+-----+--------+

Top non-repeatable levels by time:
     D:4: 1215 daAuts
     D:1: 1080 daAuts
     D:5: 878 daAuts
     D:3: 634 daAuts
     D:2: 561 daAuts
     D:6: 360 daAuts
